 Dungeon Crawl Stone Soup version 0.28-a0-1152-g9c71ebef14 (webtiles) character file.

Game seed: 10611469575697284750

30 spaghetti the Sneak (level 3, 0/27 HPs)
             Began as an Octopode Delver on Dec 14, 2021.
             Slain by a river rat (2 damage)
             ... in a sewer.
             The game lasted 00:02:02 (638 turns).

spaghetti the Sneak (Octopode Delver)                Turns: 638, Time: 00:02:02

Health: 0/27       AC:  1    Str: 11    XL:     3   Next: 20%
Magic:  3/3        EV: 13    Int: 14    God:
Gold:   0          SH:  0    Dex: 13    Spells: 2/2 levels left

rFire   + . .      SeeInvis .   a - +0 mace {mace}
rCold   + . .      Faith    .   (no shield)
rNeg    . . .      Spirit   .   (helmet restricted)
rPois   +          Reflect  .   (no amulet)
rElec   +          Harm     .   (no ring)
rCorr   +          Rampage  .   (no ring)
Will    .....                   (no ring)
Stlth   +++++.....              (no ring)
HPRegen 0.09/turn               (no ring)
MPRegen 0.08/turn               (no ring)
                                (no ring)
                                (no ring)

@: resistant
A: almost no armour, amphibious, 8 rings, camouflage 1, gelatinous body 1,
nimble swimmer 1, tentacles
a: no special abilities


You were in a sewer.
You visited 1 branch of the dungeon, and saw 2 of its levels.
You also visited: Sewer.


Innate Abilities, Weirdness & Mutations

You cannot wear most types of armour.
You are amphibious.
You can wear up to eight rings at the same time.
Your skin changes colour to match your surroundings (Stealth+).
Your rubbery body absorbs attacks. (AC +1, EV +1)
You are camouflaged near water. (Stealth+)
You have tentacles for arms and can constrict up to eight enemies at once.


   Skills:
 + Level 4.2 Fighting
 - Level 2.0 Maces & Flails
 - Level 2.0 Dodging
 - Level 6.6 Stealth


You had 2 spell levels left.
You didn't know any spells.
Your spell library was empty.

Inventory:

Hand Weapons
 a - a +0 mace (weapon) {mace}
Wands
 f - a wand of digging (3)
Scrolls
 b - a scroll of fog

Dungeon Overview and Level Annotations

Branches:
Dungeon (6/15)              Sewer (1/1)
 Temple: D:4-7

Altars:

Annotations:
D:6 1 transporter

#≈≈##########
#≈≈#..#..#..######
#≈≈#.....#.......##
#≈≈##....'..).....###
#≈≈#.....#†..........
#≈≈#..#..#≈≈...†.....
#≈≈#######≈≈≈##...)..
#≈≈≈#r#≈#≈≈≈≈≈##J≈...
#≈≈≈@#≈#≈#≈≈≈≈≈≈≈≈≈r≈
#≈≈≈#≈#≈#≈≈≈≈≈≈≈≈≈≈≈≈
#≈≈≈≈#≈#≈#≈≈≈≈≈≈≈≈≈≈≈
#≈≈≈#≈#≈#≈≈≈≈≈≈≈≈≈≈≈≈
#≈≈≈≈#≈#≈#≈≈≈≈≈≈≈≈≈≈≈
#≈≈#######≈≈≈≈≈≈≈≈≈≈≈
#≈≈ #≈≈≈≈≈≈≈≈r≈≈ #≈≈
#≈≈≈≈≈≈≈≈≈.. #≈
+...........


You could see a river rat.


Message History

No target in view!
No target in view!
A rat is nearby!
You barely miss the rat. Your grab misses the rat.
The rat bites you but does no damage.
You barely miss the rat. You grab the rat. You squeeze the rat.
You kill the rat!
The kobold shouts! 😕 HP[+1]
You barely miss the kobold. You grab the kobold. You constrict the kobold.
You kill the kobold!
The river rat bites you. 😮 HP[-4]
You take 4 damage, and now have 14/22 hp.
You are too injured to fight recklessly!
You are too injured to fight recklessly!
You are too injured to fight recklessly!
You are too injured to fight recklessly!
You are too injured to fight recklessly!
You are too injured to fight recklessly!
You are too injured to fight recklessly!
You are too injured to fight recklessly!
You are too injured to fight recklessly!
You are too injured to fight recklessly!
You are too injured to fight recklessly!
You are too injured to fight recklessly!
You are too injured to fight recklessly!
You are too injured to fight recklessly!
You are too injured to fight recklessly!
You are too injured to fight recklessly!
You are too injured to fight recklessly!
Unknown command. 😮 HP[+1]
As you read the scroll labelled URAUXE EQA HUD, it crumbles to dust.
You hear a loud clanging noise!
It was a scroll of noise.
You hear a shout! x6
The river rat bites you but does no damage.
Unknown command.
You hit the river rat. You grab the river rat.
You constrict the river rat, but do no damage.
The river rat completely misses you.
You hit the river rat but do no damage.
You constrict the river rat, but do no damage.
The river rat bites you!
* * * LOW HITPOINT WARNING * * *
😨 HP[-7]
You take 7 damage, and now have 8/22 hp.
MASSIVE DAMAGE!! (PAUSE) Unknown command.
You hit the river rat.
You constrict the river rat, but do no damage.
The river rat bites you.
* * * LOW HITPOINT WARNING * * *
The river rat closely misses you. 😱 HP[-3]
You take 3 damage, and now have 5/22 hp.
Unknown command.
It was a potion of invisibility.
You fade into invisibility!
You constrict the river rat. The river rat misses you.
Unknown command.
It was a potion of cancellation.
Your magical effects are unravelling.
You feel magically purged.
You flicker back into view.
You constrict the river rat. The river rat barely misses you.
It was a potion of might.
You feel very mighty all of a sudden.
You constrict the river rat.
You kill the river rat!
You have reached level 3!
Your experience leads to an increase in your attributes!
Increase (S)trength, (I)ntelligence, or (D)exterity?
You feel clever. x2
Unknown command. 😱 HP[+1] MP[+1]
You now have 27 max hp (+5).
Your mp is fully restored (3).
Unknown command.
Unknown command.
You start resting.
You feel a little less mighty now.
A river rat is nearby! 😨 HP[+5]
You regained 5 hp, and now have 11/27 hp.
Unknown command.
Unknown command.
A river rat is nearby!
You hit the river rat but do no damage. You grab the river rat.
You constrict the river rat, but do no damage.
The river rat bites you!
* * * LOW HITPOINT WARNING * * *
😱 HP[-9]
You take 9 damage, and now have 2/27 hp.
MASSIVE DAMAGE!! (PAUSE) It was a potion of resistance.
You feel protected.
You constrict the river rat, but do no damage.
The river rat bites you.
You die...

Skill      XL: |  1  2 |
---------------+-------+-----
Fighting       | 4 |  4.2
Maces & Flails | |  2.0
Dodging        | |  2.0
Stealth        | |  6.6

Action                   || total
-------------------------++-------
Melee: Mace              ||    27
       Constrict         ||     7
       Tentacles         ||     4
  Use: Scroll            ||     4
       Potion            ||     5
 Stab: Sleeping          ||     1
Armor: Skin              ||     4
Dodge: Dodged            ||    30

Levels and vault maps discovered:
D:5:      layout_gridville, minmay_temple_entry_tees, gup_sewer_entry_bowl,
          moated_statue
D:6:      gammafunk_steamed_eel, layout_loops_corners, minivault_1,
          uniq_blork_the_orc
Sewer:    sewer_minmay_treatment

Notes
Turn   | Place    | Note
-------+----------+-------------------------------------------
     0 | D:5      | spaghetti the Octopode Delver began the quest for the Orb.
     0 | D:5      | Reached XP level 1. HP: 16/16 MP: 1/1
     0 | D:5      | magus.rc [v1.9.6]
    28 | D:5      | Found a glowing drain.
    94 | D:6      | Noticed an electric eel
    94 | D:6      | Noticed an electric eel
    94 | D:6      | Found a transporter.
   110 | Sewer    | Entered a sewer
   175 | Sewer    | HP: 4/16 [constriction (1)]
   181 | Sewer    | HP: 2/16 [ball python (2)]
   486 | Sewer    | Reached XP level 2. HP: 19/21 MP: 2/2
   560 | Sewer    | Reached skill level 4 in Fighting
   588 | Sewer    | HP: 5/22 [river rat (3)]
   592 | Sewer    | Reached XP level 3. HP: 6/27 MP: 3/3
   637 | Sewer    | HP: 2/27 [river rat (9)]
   638 | Sewer    | Slain by a river rat

Vanquished Creatures
  2 river rats (Sewer)
  3 ball pythons (Sewer)
  A giant cockroach (D:5)
  A frilled lizard (Sewer)
  2 kobolds (Sewer)
  6 rats
15 creatures vanquished.

Table legend:
 A = Non-vault XP
 B = Vault XP
 C = Vault XP percentage of total XP
 D = Non-vault monster count
 E = Vault monster count
 F = Vault count percentage of total count
                 A         B        C        D         E       F
            +---------+---------+-------+---------+---------+-------
      Total |       0 |      44 | 100.0 |       0 |      15 | 100.0
            +---------+---------+-------+---------+---------+-------
        D:5 |       0 |       4 | 100.0 |       0 |       3 | 100.0
      Sewer |       0 |      40 | 100.0 |       0 |      12 | 100.0
            +---------+---------+-------+---------+---------+-------

Illustrated notes

Table legend:
 A = Kills in this place as a percentage of kills in entire the game.
 B = Kills by you in this place as a percentage of kills by you in the entire game.
 C = Kills by friends in this place as a percentage of kills by friends in the entire game.
 D = Other kills in this place as a percentage of other kills in the entire game.
 E = Experience gained in this place as a percentage of experience gained in the entire game.
 F = Experience gained in this place divided by the number of levels of this place that you have seen.
                   A       B       C       D       E      F
               +-------+-------+-------+-------+-------+----------------------
         Total | 100.0 | 100.0 |   N/A |   N/A | 100.0 |  14.7
       Dungeon |  20.0 |  20.0 |   N/A |   N/A |   9.1 |   2.0
         Sewer |  80.0 |  80.0 |   N/A |   N/A |  90.9 |  40.0
               +-------+-------+-------+-------+-------+----------------------

Table legend: (Time is in decaauts)
 A = Elapsed time spent in this place.
 B = Non-inter-level travel time spent in this place.
 C = Inter-level travel time spent in this place.
 D = Time resting spent in this place.
 E = Time spent auto-exploring this place.
 F = Levels seen in this place.
 G = Mean time per level.
                   A        B        C        D        E       F      G
               +--------+--------+--------+--------+--------+-----+--------+
         Total |    628 |    600 |     28 |    309 |    144 |   3 |  209.3 |
       Dungeon |    112 |     84 |     28 |      0 |     68 |   2 |   56.0 |
         Sewer |    516 |    516 |      0 |    309 |     76 |   1 |  516.0 |
               +--------+--------+--------+--------+--------+-----+--------+

Top non-repeatable levels by time:
   Sewer: 516 daAuts
     D:5: 106 daAuts
     D:6: 5 daAuts
